 Dungeon Crawl Stone Soup version 0.28-a0-194-g42b4daccc1 (webtiles) character file.

Game seed: 12944837311384173493

2076 gruber the Thaumaturge (level 9, -15/55 HPs)
             Began as a Djinni Hedge Wizard on Aug 19, 2021.
             Was an Initiate of Makhleb.
             Demolished by a death knight (27 damage)
             ... on level 8 of the Dungeon.
             The game lasted 00:11:06 (11414 turns).

gruber the Thaumaturge (Djinni Hedge Wizard)       Turns: 11414, Time: 00:11:06

Health: -15/55     AC:  2    Str:  9    XL:     9   Next: 51%
Gold:   442        EV: 12    Int: 19    God:    Makhleb [......] SH:  0 Dex: 13

rFire   + + .      SeeInvis .   v - +5 long sword (freeze)
rCold   x . .      Faith    .   (no shield)
rNeg    . . .      Spirit   .   b - +0 robe
rPois   ∞          Reflect  .   c - +0 hat
rElec   .          Harm     .   (no cloak)
rCorr   .          Rampage  .   (no gloves)
Will    .....                   (boots unavailable)
Stlth   ++........              (no amulet)
HPRegen 0.18/turn               t - +4 ring of slaying
MPRegen 0.00/turn               (no ring)

@: flying
A: sickness immunity, fire resistance 2, cold vulnerability 1, float, innate
caster, hp casting, extra vitality 1
a: Renounce Religion


You were on level 8 of the Dungeon.
You worshipped Makhleb.
Makhleb was noncommittal.
You visited 2 branches of the dungeon, and saw 9 of its levels.

You collected 442 gold pieces.

Inventory:

Hand Weapons
 a - a +0 dagger
 v - a +5 long sword of freezing (weapon)
Armour
 b - a +0 robe (worn)
 c - a +0 hat (worn)
Jewellery
 t - a +4 ring of slaying (left hand)
Wands
 r - a wand of flame (38)
 w - a wand of digging (2)
 x - a wand of paralysis (10)
Scrolls
 e - 3 scrolls of vulnerability {unknown}
 g - a scroll of fear {unknown}
 h - 2 scrolls of blinking {unknown}
 k - a scroll of immolation {unknown}
 l - a scroll of identify {unknown}
 m - a scroll of torment {unknown}
 n - a scroll of amnesia {unknown}
 o - a scroll of holy word {unknown}
 s - a scroll of noise {unknown}
 y - 2 scrolls of silence {unknown}
 z - 3 scrolls of teleportation
Potions
 d - 3 potions of might {unknown}
 f - a potion of ambrosia {unknown}
 i - a potion of lignification {unknown}
 j - a potion of berserk rage {unknown}
 p - 2 potions of curing {unknown}
 q - 3 potions of flight {unknown}
 u - a potion of heal wounds {unknown}


   Skills:
 + Level 3.3 Long Blades
 - Level 2.1 Dodging
 - Level 1.5 Stealth
 - Level 9.0 Spellcasting
 - Level 1.1 Evocations


You had 3 spell levels left.
You knew the following spells:

 Your Spells              Type           Power      Damage    Failure   Level
a - Magic Dart            Conj           100%       1d8       1%          1
b - Blink                 Tloc           N/A        N/A       1%          2
c - Call Imp              Summ           42%        N/A       1%          2
d - Slow                  Hex            42%        N/A       1%          2
e - Conjure Flame         Conj/Fire      42%        6-21      1%          3
f - Mephitic Cloud        Conj/Pois/Air  42%        N/A       1%          3
g - Freeze                Ice            100%       1d11      1%          1
h - Passwall              Tmut/Erth      35%        N/A       1%          2
i - Swiftness             Air            42%        N/A       1%          3
j - Airstrike             Air            21%        N/A       1%          4
Your spell library was empty.

Dungeon Overview and Level Annotations

Branches:
Dungeon (8/15)             Temple (1/1) D:5
   Lair: D:8-11

Altars:
Ashenzari
Fedhas
Gozag
Hepliaklqana
Kikubaaqudgha
Makhleb
Nemelex Xobeh
Okawaru
Qazlal
Ru
Sif Muna
Trog
Uskayaw
Vehumet
Wu Jian
Yredelemnul
Zin
The Shining One

Shops:
D:1 !


Innate Abilities, Weirdness & Mutations

You are immune to sickness and miasma.
You are immune to poison.
Your flesh is very heat resistant. (rF++)
You are vulnerable to cold. (rC-)
You float through the air rather than walking.
You learn spells naturally, not from books.
Your magical power is your life essence.
You have superior vitality. (+4 HP)


Message History

Aim: a yak (noxious fumes, lightly wounded, confused, empty space bonus: 5/8)
The air twists around and strikes the yak!
The yak is moderately wounded.
The yak is engulfed in noxious fumes.
The yak appears confused.
The yak gores the yak but does no damage.
The yak is engulfed in noxious fumes.
The yak appears confused.
Unknown command.
Unknown command.
Casting: Airstrike (dangerous; 1% risk of failure)
Confirm with . or Enter, or press ? or * to list all spells.
Aiming: Airstrike (dangerous; 1% risk of failure)
Press: ? - help, Dir - move target, f/p - yak
Aim: a yak (noxious fumes, moderately wounded, confused, empty space bonus: 4/8)
The air twists around and strikes the yak!
The yak is heavily wounded.
The yak is engulfed in noxious fumes.
The yak appears confused.
Unknown command.
Casting: Airstrike (dangerous; 1% risk of failure)
Confirm with . or Enter, or press ? or * to list all spells.
Aiming: Airstrike (dangerous; 1% risk of failure)
Press: ? - help, Dir - move target, f/p - yak
Aim: a yak (noxious fumes, heavily wounded, confused, empty space bonus: 3/8)
The air twists around and strikes the yak!
The yak is severely wounded.
The yak is engulfed in noxious fumes.
The yak appears confused.
The yak is engulfed in noxious fumes.
The yak appears confused.
A death knight comes into view.
It is wielding a +4 broad axe and wearing a +0 chain mail of fire resistance.
Unknown command.
The death knight shouts!
The yak is engulfed in noxious fumes.
The yak appears confused.
The yak completely misses the yak.
Things that are here:
a +0 dire flail; a +0 chain mail; an orc corpse The death knight hits you with a +4 broad axe!
The yak is engulfed in noxious fumes.
The yak appears confused.
The death knight hits you with a +4 broad axe!
* * * LOW HITPOINT WARNING * * *
The yak is engulfed in noxious fumes.
The yak appears confused.
The death knight hits you with a +4 broad axe!!
You die...

Y#... Y... ...
##+####### #####'#
......#.. #...Y..
#....#.# #..Y..#
##'#.#.#########.....#
##.<..#p#[#.#○#.#....##
#.>...@..).Y.○Y.'.####
##....#.#)#.#.#.#.#
###..#########.#.#
.........# #.#.#
.........# ..#.#
.........# ###.#
........:. ..#
........... ###
....#######


You could see a death knight and a yak (confused).

Vanquished Creatures
  Edmund (D:4)
  2 orc warriors
  A necrophage (D:6)
  2 ogres
  A centaur (D:5)
  A bullfrog (D:6)
  2 scorpions (D:6)
  A water moccasin skeleton (D:5)
  6 wights (D:7)
  A centaur zombie (D:7)
  A bullfrog skeleton (D:6)
  A bullfrog zombie (D:6)
  2 jellies
  3 orc priests
  2 centaur skeletons
  5 iguanas
  3 orc wizards (D:7)
  Natasha (thrice) (D:2)
  A hound skeleton (D:4)
  4 gnolls (D:6)
  A howler monkey skeleton (D:6)
  3 adders
  3 white imps
  An ufetubus (D:6)
  2 adder skeletons (D:4)
  2 worms (D:2)
  A dart slug (D:4)
  16 orcs
  5 ball pythons
  4 endoplasms
  2 giant cockroaches (D:5)
  4 goblins
  4 hobgoblins
  2 jackals (D:4)
  A kobold (D:1)
  5 quokkas
  A bat (D:2)
  4 frilled lizards
  A quokka skeleton (D:4)
  4 rats
109 creatures vanquished.

Vanquished Creatures (collateral kills)
  Prince Ribbit (D:7)
  A wyvern skeleton (D:7)
  3 wights (D:7)
5 creatures vanquished.

Grand Total: 114 creatures vanquished

Notes
Turn   | Place    | Note
-------+----------+-------------------------------------------
     0 | D:1      | gruber the Djinni Hedge Wizard began the quest for the Orb.
     0 | D:1      | Reached XP level 1. HP: 15/15 MP: 0/0
   315 | D:1      | Reached XP level 2. HP: 16/21 MP: 0/0
   449 | D:1      | You are sucked into a shaft and drop 1 floor!
   680 | D:2      | Reached skill level 3 in Spellcasting
   680 | D:2      | Reached XP level 3. HP: 20/25 MP: 0/0
   680 | D:2      | Learned a level 1 spell: Freeze
   783 | D:2      | Found a faded altar of an unknown god.
   982 | D:2      | Noticed Natasha
   988 | D:2      | Killed Natasha
   989 | D:2      | Reached XP level 4. HP: 24/31 MP: 0/0
  1432 | D:1      | Found Doavvesk's Distillery.
  2130 | D:2      | Noticed Natasha
  2139 | D:2      | Killed Natasha
  2140 | D:2      | Reached skill level 4 in Spellcasting
  2461 | D:2      | Noticed Natasha
  2470 | D:2      | Killed Natasha
  2471 | D:2      | Reached XP level 5. HP: 27/35 MP: 0/0
  2471 | D:2      | Learned a level 2 spell: Passwall
  2894 | D:3      | Found a stormy altar of Qazlal.
  3068 | D:3      | Found an ornate altar of the Wu Jian Council.
  3857 | D:4      | Found an opulent altar of Gozag.
  4083 | D:4      | Reached XP level 6. HP: 36/40 MP: 0/0
  4397 | D:4      | Found a glowing golden altar of the Shining One.
  4453 | D:5      | Entered Level 5 of the Dungeon
  4453 | D:5      | Noticed Edmund
  4453 | D:5      | Noticed an ogre
  4497 | D:4      | Killed an ogre
  4498 | D:4      | Reached skill level 5 in Spellcasting
  5121 | D:4      | Killed Edmund
  5122 | D:4      | Reached XP level 7. HP: 10/45 MP: 0/0
  5122 | D:4      | Learned a level 3 spell: Swiftness
  5392 | D:5      | Found a staircase to the Ecumenical Temple.
  5491 | D:5      | Reached skill level 6 in Spellcasting
  6156 | D:6      | Reached XP level 8. HP: 45/50 MP: 0/0
  6403 | D:6      | Reached skill level 7 in Spellcasting
  7426 | D:7      | Found a broken altar of Ashenzari.
  8341 | D:7      | Noticed Prince Ribbit
  8352 | D:7      | Killed Prince Ribbit
  8353 | D:7      | Reached skill level 8 in Spellcasting
  8782 | D:7      | Reached XP level 9. HP: 31/55 MP: 0/0
  8782 | D:7      | Learned a level 4 spell: Airstrike
  9189 | D:7      | Identified the +8 rapier of Ysicor {freeze, Contam rF+
                  | Stlth+}
  9459 | D:7      | Reached skill level 9 in Spellcasting
  9514 | D:7      | Found a sparkling altar of Nemelex Xobeh.
  9571 | D:7      | Reached skill level 1 in Long Blades
 10089 | D:7      | Identified the +9 trident of Conservatism {freeze, *Rage
                  | +Rage SInv}
 10823 | D:5      | Found a hide-covered altar of Uskayaw.
 10824 | D:5      | Found a glowing silver altar of Zin.
 10875 | Temple   | Entered the Ecumenical Temple
 10936 | Temple   | Became a worshipper of Makhleb the Destroyer
 11003 | D:5      | Reached skill level 1 in Evocations
 11410 | D:8      | Noticed a death knight
 11414 | D:8      | Demolished by a death knight

Illustrated notes

Levels and vault maps discovered:
D:1:      saegor_arrival_simple_b, layout_basic, serial_shops, shop_fountains
D:2:      layout_basic, shapermc_ecumenical_altar_pompeii,
          wander_ebering_terrifying_dragon_lair, uniq_natasha
D:3:      layout_basic, amcnicky_altar_gilded, grunt_qazlal_sundering
D:4:      layout_gridville, grunt_temple_overflow_magic_moments,
          marbit_many_paths, nicolae_gozag_seed_capital
D:5:      layout_gridville, gammafunk_temple_overflow_pools,
          minmay_temple_entry_proselytizer, portal_sewer_entry_f,
          minmay_misc_feat_square, st_stairs_5, water_maze_lemuel, uniq_edmund
D:6:      layout_basic
D:7:      layout_cave_pods, nemelex_xobeh_ov_fountains_minmay,
          evilmike_ruin_ashenzari, uniq_prince_ribbit1
D:8:      minmay_the_grid_plus [minmay_the_grid_slots, minmay_the_grid_x,
          minmay_the_grid_broken_lines, minmay_the_grid_outer_circle,
          minmay_the_grid_prize_four_corners], layout_gridville,
          xom_butterflies, lair_entry_dummy
Temple:   dpeg_three_leaves_temple

Skill      XL: |  1  2  3  4  5  6  7  8  9 |
---------------+----------------------------+-----
Spellcasting   | 3 4 5 6 8 9 |  9.0
Long Blades    | 3 |  3.3
Evocations     | 1 |  1.1
Dodging        | |  2.1
Stealth        | |  1.5

Action                   |  1- 3 |  4- 6 |  7- 9 || total
-------------------------+-------+-------+-------++-------
Melee: Dagger            |       |     8 |       ||     8
       Flail             |       |       |    58 ||    58
       Long sword        |       |       |    14 ||    14
 Cast: Magic Dart        |    46 |    92 |   177 ||   315
       Freeze            |     2 |    15 |       ||    17
       Mephitic Cloud    |       |     5 |    11 ||    16
       Blink             |       |     2 |     5 ||     7
       Passwall          |       |     1 |       ||     1
       Call Imp          |       |       |    19 ||    19
       Conjure Flame     |       |       |     3 ||     3
       Airstrike         |       |       |    12 ||    12
Evoke: Wand              |       |       |     3 ||     3
 Stab: Confused          |       |     2 |     1 ||     3
       Sleeping          |       |       |     2 ||     2
Armor: Robe              |       |       |    23 ||    23
Dodge: Dodged            |     2 |    12 |    80 ||    94
       Rpst.: Long sword |       |       |     6 ||     6

Table legend: (Time is in decaauts)
 A = Elapsed time spent in this place.
 B = Non-inter-level travel time spent in this place.
 C = Inter-level travel time spent in this place.
 D = Time resting spent in this place.
 E = Time spent auto-exploring this place.
 F = Levels seen in this place.
 G = Mean time per level.
                   A        B        C        D        E       F      G
               +--------+--------+--------+--------+--------+-----+--------+
         Total |  11446 |  10975 |    471 |   1216 |   8760 |   9 | 1271.8 |
       Dungeon |  11374 |  10914 |    460 |   1216 |   8709 |   8 | 1421.8 |
        Temple |     71 |     61 |     10 |      0 |     51 |   1 |   71.0 |
               +--------+--------+--------+--------+--------+-----+--------+

Top non-repeatable levels by time:
     D:7: 2815 daAuts
     D:6: 2407 daAuts
     D:2: 1803 daAuts
     D:4: 1738 daAuts
     D:3: 1048 daAuts
     D:1: 783 daAuts
     D:5: 669 daAuts
     D:8: 109 daAuts
  Temple: 71 daAuts
